Unix NetHack Version 3.7.0-84 Work-in-progress - last build May 8 2023 02:49:33 (a521f9c9ba282fe1dbcfd9214424a180692735d4,branch:master). Game began 2023-05-19 11:03:31, ended 2023-05-22 20:12:12. MalkMcJorma, lawful male human Monk ---------4 |.......| ----- |...@@..| ...| |...@...| ---------..-- --------- |..@....| |.......|...-- --..%....-- | |.......| | |.......|[...---)........--|. ----%---- .| |..._%..-))..%%%..........||..5.....5....| |...%...|$...---...[.....-----....Z.4..--- |.......|$$.-- --.....%.-- -----|----- ---------$.-- ----%---- .45E.2.- ......| ----...------- 4.5D...4- ----- ............|. ).).. .4. .....!....--...%.....- ..........--)......-- ..[.......----%---- . ...........)........... ------------ ----- MalkMcJorma the Student of Metals St:25 Dx:18 Co:18 In:12 Wi:18 Ch:10 Lawful Astral Plane $:0 HP:146(146) Pw:99(99) AC:-33 Xp:18/1283858 T:53201 Latest messages: The vampire bites the purple worm. You hear a nearby zap. An iron golem suddenly appears close by! The high priestess intones: "Pilgrim, you enter a sacred place!" There is a doorway here. There are many objects here. The yellow dragon bites the iron golem. The yellow dragon hits the iron golem. The yellow dragon hits the iron golem. The sergeant wields a mace! The invisible stalker hits it. The sergeant turns to flee. The sergeant turns to flee. There is a high altar to Shan Lai Ching (lawful) here. There is an amber flash as a blessed amulet of flying hits the altar. An uncursed amulet of guarding lands on the altar. An uncursed amulet of magical breathing lands on the altar. A candy bar lands on the altar. An uncursed lembas wafer lands on the altar. An uncursed lizard corpse lands on the altar. An uncursed scroll of teleportation lands on the altar. There is an amber flash as a blessed potion of extra healing hits the altar. 2 uncursed potions of full healing land on the altar. A potion of healing lands on the altar. An uncursed wand of opening (0:6) lands on the altar. An uncursed wand of opening (1:0) lands on the altar. An uncursed wand of polymorph lands on the altar. There is an amber flash as a blessed wand of teleportation hits the altar. An uncursed wand of teleportation (2:7) lands on the altar. An uncursed wand of teleportation (0:6) lands on the altar. An uncursed wand of teleportation lands on the altar. An uncursed wand of teleportation lands on the altar. There is a black flash as a cursed wand of teleportation (2:3) hits the altar. An uncursed wand of wishing lands on the altar. There is a black flash as a cursed greased sack named Wands containing 3 items hits the altar. A horn lands on the altar. There is a black flash as a cursed lock pick hits the altar. An uncursed towel lands on the altar. What do you want to use or apply? [cqrtxyILNP or ?*] # What do you want to name? [c-fhjmnqrtuwxAH-JL-NPRY or ?*] # There is an uncursed lizard corpse here; sacrifice it? [ynq] (n) What do you want to sacrifice? [u or ?*] You offer the Amulet of Yendor to Shan Lai Ching... An invisible choir sings, and you are bathed in radiance... The voice of Shan Lai Ching booms out: "Mortal, thou hast done well!" "In return for thy service, I grant thee the gift of Immortality!" You ascend to the status of Demigod... Inventory: Amulets ('"') f - an uncursed amulet of life saving M - an uncursed amulet of reflection (being worn) Weapons (')') a - the blessed +7 Grayswandir (weapon in hand) Armor ('[') J - an uncursed greased fireproof +4 elven leather helm (being worn) d - a blessed rustproof +3 pair of gauntlets of power (being worn) h - a blessed fireproof +2 pair of speed boots (being worn) R - a blessed +3 shield of reflection (being worn) Y - a blessed fireproof +3 cloak of magic resistance (being worn) e - an uncursed fireproof +2 T-shirt with text "/Valar morghulis/ -- /Valar dohaeris/" (being worn) H - a blessed +2 gray dragon scale mail (being worn) Spellbooks ('+') t - the uncursed Book of the Dead Rings ('=') A - a blessed ring of conflict named Conflict (on right hand) n - a blessed ring of free action (on left hand) m - an uncursed ring of regeneration j - a blessed ring of slow digestion Wands ('/') I - an uncursed wand of death (1:8) q - a cursed wand of death named Death (1:5) x - an uncursed wand of wishing (0:1) Tools ('(') r - a blessed greased bag of holding containing 27 items P - a blessed greased bag of holding containing 11 items N - the uncursed Bell of Opening (0:1) c - the uncursed Candelabrum of Invocation (7 of 7 candles attached) y - the blessed Eyes of the Overworld (being worn) L - a blessed +0 unicorn horn Gems/Stones ('*') w - a blessed luckstone Contents of the bag of holding: an uncursed amulet of flying an uncursed amulet of life saving an uncursed amulet of life saving an uncursed amulet of reflection an uncursed amulet of unchanging 4 uncursed lembas wafers 3 uncursed pancakes 16 uncursed scrolls of blank paper a blessed scroll of charging named Charging a blessed scroll of earth an uncursed scroll of magic mapping an uncursed scroll of remove curse a blessed scroll of teleportation 4 uncursed scrolls of teleportation 2 cursed scrolls of teleportation a blessed potion of confusion 2 blessed potions of healing 6 uncursed potions of healing an uncursed potion of object detection an uncursed potion of paralysis 10 potions of holy water a cursed ring of invisibility named Nazgul1 an uncursed ring of teleport control a blessed magic marker (1:21) a blessed magic marker (0:1) an uncursed +0 unicorn horn an uncursed luckstone Contents of the bag of holding: 4001 gold pieces an uncursed wand of digging (0:4) an uncursed wand of enlightenment (0:14) an uncursed wand of fire (1:4) an uncursed wand of make invisible (0:2) an uncursed wand of polymorph (0:7) an uncursed wand of polymorph (0:3) an uncursed wand of striking (1:4) an uncursed wand of striking (0:2) an uncursed wand of striking (0:2) an uncursed wand of wishing (0:2) MalkMcJorma the Monk's attributes: Background: You were a Student of Metals, a level 18 male human Monk. You were lawful, on a mission for Shan Lai Ching who was opposed by Chih Sung-tzu (neutral) and Huan Ti (chaotic). You were in the endgame, on the Astral Plane. You entered the dungeon 53201 turns ago. There was a new moon in effect when your adventure ended. You had 1283858 experience points, 1276142 more were needed for level 19. Basics: You had all 146 hit points. You had all 99 energy points (spell power). Your armor class was -33. Your wallet was empty, but you had 4001 zorkmids stashed away in your pack. Autopickup was off. Final Characteristics: Your strength was 25 (base:18/05, innate limit:18/100). Your dexterity was 18 (limit:18). Your constitution was 18 (limit:18). Your intelligence was 12 (limit:18). Your wisdom was 18 (limit:18). Your charisma was 10 (limit:18). Final Status: You were not hungry. You were unencumbered. You were wielding a saber. You had basic skill with saber. You had a huge penalty to hit (-20) due to your dragon mail. Final Attributes: You were the Hand of Elbereth. You were piously aligned. You were magic-protected. You were fire resistant. You were cold resistant. You were sleep resistant. You were shock resistant. You were poison resistant. You resisted hallucinations. You saw invisible. You were telepathic. You were warned. You had automatic searching. You were invisible to others. You were stealthy. You caused conflict. You had teleport control. You had a moderate defense bonus (+9). You were warded. You were very fast. You had reflection. You had free action. You were extremely lucky. You had extra luck. Good luck did not time out for you. You survived. Miscellaneous: You disabled loading of bones levels. Total elapsed playing time was 1 day, 4 hours, 45 minutes and 16 seconds. Major events: Turn 1: MalkMcJorma the lawful male human Monk entered the dungeon 678: entered the Gnomish Mines 881: attained the rank of Novice (level 3) 1285: attained the rank of Initiate (level 6) 3503: chose a runed dagger to be named "Sting" 3503: chose a runed broadsword to be named "Orcrist" 4602: entered Sokoban 5196: completed 1st Sokoban level 6022: completed 2nd Sokoban level 6209: made his first wish - "Blessed fixed +2 gauntlets of power", got "a pair of riding gloves" 6212: wished for "2 blessed scrolls of charging", got "2 scrolls labeled FOOBIE BLETCH" 6214: wished for "blessed fixed +2 speed boots", got "a pair of riding boots" 6566: completed 3rd Sokoban level 7551: completed 4th Sokoban level 7697: acquired the Sokoban amulet of reflection 8012: wished for "blessed fixed +2 cloak of magic resistance", got "an opera cloak" 8015: wished for "blessed ring of slow digestion", got "an agate ring" 8018: wished for "blessed amulet of life saving", got "a circular amulet" 8136: wished for "2 blessed scrolls of genocide", got "2 scrolls labeled ZELGO MER" 8137: performed his first genocide (class L) 8138: genocided class h 8200: attained the rank of Student of Stones (level 10) 9000: entered the Bigroom 15084: was bestowed with Grayswandir by Shan Lai Ching 19787: was crowned "The Hand of Elbereth" by Shan Lai Ching 19787: was bestowed with spellbook of restore ability 20524: killed Medusa 24222: wished for "2 blessed scrolls of charging", got "2 scrolls of charging" 24225: wished for "blessed fixed +2 t-shirt", got "a T-shirt" 30118: entered Gehennom 30314: attained the rank of Student of Waters (level 14) 34094: killed Master Kaen 34094: found the Eyes of the Overworld carried by a monster 34123: acquired the Bell of Opening 34659: genocided disenchanters 37013: bribed Asmodeus with 109 zorkmids for safe passage 37357: killed Juiblex 38071: bribed Baalzebub with 58 zorkmids for safe passage 38673: killed Orcus 45951: wished for "blessed ring of free action", got "a clay ring" 47085: destroyed Vlad the Impaler 47086: acquired the Candelabrum of Invocation 49990: killed the Wizard of Yendor 49991: killed the invisible Wizard of Yendor (2nd time) 50023: acquired the Book of the Dead 50258: performed the invocation 50267: killed the Wizard of Yendor (3rd time) 50753: attained the rank of Student of Metals (level 18) 51140: killed the high priest of Moloch 51150: acquired The Amulet of Yendor 52694: killed the Wizard of Yendor (5th time) 52823: entered the Elemental Planes 52823: entered Plane of Earth 52949: entered Plane of Air 53017: entered Plane of Fire 53028: wished for "Blessed Ring of Conflict", got "a pearl ring" 53070: entered Plane of Water 53071: genocided class ; 53106: wished for "Cursed scroll of genocide", got "a scroll of genocide" 53110: wished for "Blessed Scroll of Taming", got "a scroll labeled EIRIS SAZUN IDISI" 53113: entered the Astral Plane 53128: killed Pestilence 53153: killed Pestilence (2nd time) 53181: killed Famine 53201: ascended Vanquished creatures: Orcus Juiblex the Wizard of Yendor (6 times) Pestilence (twice) Famine Vlad the Impaler a high cleric Master Kaen 2 mastodons Medusa 18 krakens 5 iron golems 11 storm giants 3 glass golems 5 balrogs 6 purple worms a gray dragon 2 gold dragons a silver dragon 5 red dragons 6 white dragons 3 orange dragons 4 black dragons a blue dragon a green dragon 2 yellow dragons 20 minotaurs 2 jabberwocks 5 baluchitheria 13 Angels 3 stone golems 19 Olog-hai a Nazgul 7 pit fiends 4 sandestins 4 hell hounds 3 displacer beasts 9 titanotheres 7 trappers a baby black dragon 3 baby yellow dragons 3 guardian nagas 3 genetic engineers 38 vampire leaders 5 skeletons 26 aligned clerics 6 captains 6 shades 2 clay golems 6 nurses 5 ice devils 3 nalfeshnees 7 lurkers above an Aleax 6 frost giants 6 ettins 6 black puddings 33 vampires 7 lieutenants 34 ghosts 3 queen bees 6 winged gargoyles 14 giant mimics 8 long worms 7 zruties a fire giant 8 ogre tyrants 3 ice trolls 39 rock trolls 13 umber hulks 4 flesh golems 8 elven monarchs 4 doppelgangers 13 hezrous 10 bone devils 11 large mimics 3 wumpuses 9 fire vortices a couatl 24 stalkers 9 air elementals 6 fire elementals 61 earth elementals 7 water elementals 13 hill giants 4 giant mummies 4 black nagas 36 xorns 16 giant zombies 20 elf-nobles 22 sergeants 10 barbed devils 14 vrocks 5 salamanders 9 wargs 2 winter wolves 4 hell hound pups 21 small mimics 5 glass piercers 12 warhorses 10 steam vortices 17 xans 10 ettin mummies 20 ogre leaders 12 quantum mechanics 37 trolls 8 wood golems 3 erinyes 4 mariliths a djinni 8 sharks 8 electric eels 10 gelatinous cubes 4 pyrolisks 2 large dogs 2 freezing spheres 6 flaming spheres 8 shocking spheres 2 large cats 5 tigers 7 gargoyles 12 ochre jellies 8 leocrottas 5 energy vortices 6 mountain centaurs a stone giant 6 elf mummies 6 human mummies 8 red nagas 3 green slimes 8 pythons 7 pit vipers 5 cobras 55 wraiths 2 carnivorous apes 17 ettin zombies 6 leather golems 4 Grey-elves 47 soldiers 4 amorous demons 7 horned devils 10 chameleons 7 crocodiles 39 giant beetles 7 quivering blobs 21 cockatrices 5 wolves 9 winter wolf cubs 2 lynxes 24 gremlins 3 spotted jellies 8 leprechauns 12 orc-captains 6 iron piercers 3 mumakil 17 giant spiders 12 scorpions 10 horses 2 ice vortices 8 black lights 8 vampire bats 11 forest centaurs 9 gnome rulers 4 orc mummies 2 dwarf mummies 12 ogres 4 brown puddings 11 rust monsters 15 owlbears 11 yetis 4 gold golems 3 werewolves 19 Green-elves 6 piranha 19 giant eels 21 lizards 10 chickatrices 2 dingoes 2 dogs 6 housecats 7 jaguars 3 blue jellies 5 gray unicorns 2 black unicorns 6 dust vortices 8 ravens 3 plains centaurs 3 gnome mummies 14 snakes 11 apes 23 human zombies 5 rope golems 18 Woodland-elves 50 soldier ants 25 fire ants a bugbear an imp 3 lemures 11 quasits 5 wood nymphs 5 water nymphs 3 mountain nymphs a Mordor orc 6 Uruk-hai 5 orc shamans 7 rock piercers 8 rock moles 5 ponies 6 fog clouds 8 yellow lights 3 shriekers 3 violet fungi 12 gnome leaders 8 gnomish wizards 3 kobold mummies 3 black naga hatchlings a guardian naga hatchling 6 gray oozes 8 barrow wights 20 elf zombies 9 ghouls 2 straw golems 2 paper golems 8 jellyfish 57 giant ants a little dog 6 floating eyes 2 kittens 9 dwarves 3 homunculi 4 kobold leaders 3 kobold shamans 23 hill orcs 30 rothes a rabid rat 4 centipedes 3 giant bats 7 monkeys 21 orc zombies 12 dwarf zombies 11 iguanas 70 killer bees 9 acid blobs a coyote 3 gas spores a hobbit 13 manes a large kobold 14 hobgoblins a cave spider 2 brown molds a yellow mold 6 green molds 25 gnomes 18 garter snakes 14 gnome zombies 8 geckos 3 jackals 2 foxes 3 kobolds 4 goblins 4 sewer rats 7 grid bugs 5 bats 9 lichens 8 kobold zombies 9 newts 2433 creatures vanquished. Genocided or extinct species: arch-liches krakens master liches demiliches master mind flayers disenchanters liches mind flayers erinyes (extinct) sharks electric eels dwarf rulers piranha giant eels dwarf leaders bugbears jellyfish dwarves hobbits 18 species genocided. 1 species extinct. Voluntary challenges: You read items or engraved 132 times. You engraved Elbereth 10 times. You genocided 18 types of monsters. You never changed form. You used 13 wishes. You did not wish for any artifacts. You violated the special Sokoban rules once. Achievements: You entered a shop. You entered the Gnomish Mines. You attained the rank of Novice. You attained the rank of Initiate. You entered a temple. You entered Sokoban. You completed Sokoban. You attained the rank of Student of Stones. You entered the Big Room. You defeated Medusa. You learned the tune to open and close the Castle's drawbridge. You entered Gehennom. You attained the rank of Student of Waters. You had the Bell of Opening. You had the Candelabrum of Invocation. You had the Book of the Dead. You gained access to Moloch's Sanctum. You attained the rank of Student of Metals. You reached the Elemental Planes. You reached the Astral Plane. You delivered the Amulet of Yendor. You ascended! The Elemental Planes: Astral Plane: <- You are here. Some temples. Plane of Water: Plane of Fire: Plane of Air: Plane of Earth: The Dungeons of Doom: levels 1 to 27 Level 1: A grave. One way stairs up to The Elemental Planes. Level 2: A general store, some fountains. Level 3: Stairs down to The Gnomish Mines. Level 4: A fountain. Level 5: Level 6: Level 7: Many fountains. Level 8: A fountain. Stairs up to Sokoban, level 7. Level 9: Level 10: Some fountains. Level 11: Level 12: A very big room. Level 13: A fountain. Portal to The Quest. Level 14: A temple. Level 15: A primitive area. Level 16: A fountain. Level 17: A temple to Shan Lai Ching, some fountains. Level 18: A fountain. Level 19: An altar. Level 20: A temple to Shan Lai Ching, a grave. Level 21: A temple. Level 22: Level 23: Level 24: A fountain, a grave. Level 25: Some fountains, many trees. Level 26: Level 27: A fountain. The castle (play notes "EDFFC" to open or close drawbridge). Connection to Gehennom. Gehennom: levels 28 to 48 Level 28: A temple, many graves. Valley of the Dead. Level 29: Level 30: Level 31: Level 32: Level 33: A fountain. Level 34: Level 35: Level 36: Stairs up to Vlad's Tower, level 35. Level 37: Some shops, an altar, many graves. Level 38: Level 39: Level 40: Level 41: Level 42: Level 43: Level 44: Level 45: Level 46: Level 47: Level 48: A temple, many graves. Moloch's Sanctum. The Gnomish Mines: levels 4 to 7 Level 4: Level 5: Level 6: Many shops, a temple, some fountains. Level 7: The Quest: levels 1 to 6 Level 1: A temple, many trees. Completed quest for the Grand Master. Level 2: Level 3: Level 4: Level 5: Level 6: Sokoban: levels 7 up to 4 Level 4: Solved. Level 5: Solved. Level 6: Solved. Level 7: Solved. Vlad's Tower: levels 35 up to 33 Level 33: Level 34: Level 35: Goodbye MalkMcJorma the Demigod... You went to your reward with 3186986 points, Grayswandir (worth 8000 zorkmids and 20000 points) The Candelabrum of Invocation (worth 5000 zorkmids and 12500 points) The Book of the Dead (worth 10000 zorkmids and 25000 points) The Eyes of the Overworld (worth 2500 zorkmids and 6250 points) The Bell of Opening (worth 5000 zorkmids and 12500 points) 3 amulets of life saving (worth 450 zorkmids), 2 amulets of reflection (worth 300 zorkmids), 1 amulet of unchanging (worth 150 zorkmids), 1 amulet of flying (worth 150 zorkmids), and 4001 pieces of gold, after 53201 moves. You were level 18 with a maximum of 146 hit points when you ascended.